 Seeded DCSS version 0.31-a0-1616-gbeaec30b81 (webtiles) character file.

Game seed: 3603154671130160029 (custom seed)

14 voltaire321 the Digger (level 2, -1/18 HPs)
             Began as an Octopode Earth Elementalist on Jan 10, 2024.
             Slain by Robin
             ... wielding a +4 dagger of venom
              (4 damage)
             ... on level 2 of the Dungeon.
             The game lasted 00:01:13 (377 turns).

voltaire321 the Digger (Octopode Earth Elementalist) Turns: 377, Time: 00:01:13

Health: -1/18      AC:  1    Str:  7    XL:     2   Next: 41%
Magic:  3/5        EV: 13    Int: 17    God:
Gold:   0          SH:  0    Dex: 12    Spells: 4/5 levels left

rFire   . . .        d - +0 short sword
rCold   . . .        (no shield)
rNeg    . . .        (helmet restricted)
rPois   +            (no amulet)
rElec   .            c - ring of poison resistance
rCorr   .            (no ring)
SInv    .            (no ring)
Will    .....        (no ring)
Stlth   +++          (no ring)
HPRegen 0.23/turn    (no ring)
MPRegen 0.09/turn    (no ring)
                     (no ring)

%: no passive effects
@: no status effects
A: almost no armour, amphibious, 8 rings, camouflage 1, gelatinous body 1,
(nimble swimmer 1), tentacles
a: no special abilities


You were on level 2 of the Dungeon.
You visited 1 branch of the dungeon, and saw 2 of its levels.

Inventory:

Hand Weapons
 d - a +0 short sword (weapon)
Jewellery
 c - a ring of poison resistance (left tentacle)
Potions
 a - a potion of magic
 b - a potion of invisibility {unknown}


   Skills:
 + Level 0.5 Fighting
 + Level 2.1 Dodging
 + Level 3.0 Stealth
 + Level 2.1 Spellcasting
 + Level 1.2 Conjurations
 + Level 3.1 Earth Magic


You had 4 spell levels left.
You knew the following spells:

 Your Spells              Type           Power      Damage    Failure   Level
a - Sandblast             Erth           24%        2d8       5%          1

Your spell library contained the following spells:

 Spells                   Type           Power      Damage    Failure   Level
 Passwall                 Erth           12%        N/A       16%         3
 Stone Arrow              Conj/Erth      18%        3d8       24%         3
 Brom's Barrelling Bould  Conj/Erth      9%         2d3       61%         4
 Petrify                  Alch/Erth      7%         N/A       69%         4


Dungeon Overview and Level Annotations

Branches:
Dungeon (1/15)

Altars:

Annotations:
D:2 Robin


Innate Abilities, Weirdness & Mutations

You cannot wear most types of armour.
You are amphibious.
You can wear up to eight rings at the same time.
Your skin changes colour to match your surroundings (Stealth+).
Your rubbery body absorbs attacks. (AC +1, EV +1)
((You are camouflaged when in or above water. (Stealth+)))
You have tentacles for arms and can constrict up to eight enemies at once.


Message History

Robin throws the goblin at you!
Your Stealth skill increases to level 3!
Robin throws the goblin at you!
You hit the goblin. Your grab misses the goblin.
The goblin is heavily wounded.
The goblin closely misses you. The goblin hits you but does no damage.
Aiming: Sandblast (safe; 5% risk of failure)
Press: ? - help, Q - select action Shift-Dir - straight line, f - goblin
Aim: a goblin, wielding a +0 club (heavily wounded, 77% to hit)
The blast of sand hits the goblin!
You kill the goblin!
Robin throws the goblin at you! The goblin barely misses you. x2
Robin says, "A pitiful Octopus like you will never find the ORB!"
Aiming: Sandblast (safe; 5% risk of failure)
Press: ? - help, Q - select action Shift-Dir - straight line, f - goblin
Aim: a goblin, wielding a +0 club (77% to hit)
The blast of sand misses the goblin.
The goblin barely misses you. The goblin misses you. x2
You miss the goblin. You grab the goblin. You squeeze the goblin.
The goblin is severely wounded.
You constrict the goblin.
You kill the goblin!
The goblin barely misses you. Robin throws the goblin at you!
The goblin closely misses you.
Things that are here:
a +0 club; a +0 club; a goblin corpse You hit the goblin.
Your grab misses the goblin.
The goblin is heavily wounded.
The goblin hits you with a +0 club.
You hit the goblin.
You kill the goblin!
Robin attacks as they pursue you! Robin barely misses you.
You see here a +0 club.
Robin attacks as they pursue you!
Robin hits you with a +4 dagger of venom!
* * * LOW HITPOINT WARNING * * *
You hit Robin but do no damage. You grab Robin. You constrict Robin.
Robin hits you with a +4 dagger of venom.
You die...
Robin calls out, "Let's celebrate!
Time for a feast!"

###
#)#############
#.....@ggg.ggg#
#.###########)#
#.# ..# #.# .g#
#'### ##+ ..g
##..###..#


.ggg #...8...# .g.g. ##.....## ...... #8._..# You could see Robin, 4 hobgoblins
and a goblin.

Vanquished Creatures
  A dart slug (D:1)
  An endoplasm (D:2)
  2 hobgoblins
  A bat (D:2)
  A frilled lizard (D:1)
  5 goblins (D:2)
11 creatures vanquished.

Notes
Turn   | Place    | Note
-------+----------+-------------------------------------------
     0 | D:1      | voltaire321 the Octopode Earth Elementalist began the quest
                  | for the Orb.
     0 | D:1      | Reached XP level 1. HP: 11/11 MP: 3/3
   237 | D:1      | You fall into a shaft and drop 1 floor!
   248 | D:2      | Reached XP level 2. HP: 17/17 MP: 1/5
   311 | D:2      | Found a faded altar of an unknown god.
   357 | D:2      | Noticed Robin
   377 | D:2      | Slain by Robin

Illustrated notes

Levels and vault maps discovered:
D:1:      dpeg_arrival_shelter, layout_basic, chequers_mini_garden,
          feat_on_display
D:2:      layout_basic, hellmonk_ecumenical_altar_slurped_away, uniq_robin

Skill      XL: |  1  2 |
---------------+-------+-----
Stealth        | 3 |  3.0
Fighting       | |  0.5
Dodging        | |  2.1
Spellcasting   | |  2.1
Conjurations   | |  1.2
Earth Magic    | |  3.1

Action                     || total
---------------------------++-------
  Melee: Short sword       ||     5
         Constrict         ||     2
         Tentacles         ||     1
   Cast: Sandblast         ||    12
 Armour: Skin              ||     8
  Dodge: Dodged            ||     9

Table legend: (Time is in decaauts)
 A = Elapsed time spent in this place.
 B = Non-inter-level travel time spent in this place.
 C = Inter-level travel time spent in this place.
 D = Time resting spent in this place.
 E = Time spent auto-exploring this place.
 F = Levels seen in this place.
 G = Mean time per level.
                   A        B        C        D        E       F      G
               +--------+--------+--------+--------+--------+-----+--------+
         Total |    381 |    381 |      0 |     34 |    258 |   2 |  190.5 |
       Dungeon |    381 |    381 |      0 |     34 |    258 |   2 |  190.5 |
               +--------+--------+--------+--------+--------+-----+--------+

Top non-repeatable levels by time:
     D:1: 238 daAuts
     D:2: 143 daAuts
